 Dungeon Crawl Stone Soup version 0.31.0-1-g2c135a008e (webtiles) character file.

Game seed: 11232470595525351374

84 qw the Shooter (level 4, -3/35 HPs)
             Began as a Djinni Hunter on Jan 24, 2024.
             Slain by Terence
             ... wielding a +0 flail
              (10 damage)
             ... on level 3 of the Dungeon.
             The game lasted 00:00:06 (1923 turns).

qw the Shooter (Djinni Hunter)                      Turns: 1923, Time: 00:00:06

Health: -3/35      AC:  8    Str: 10    XL:     4   Next: 72%
Gold:   69         EV: 13    Int: 11    God:
                   SH:  0    Dex: 24

rFire   + + .        a - +1 shortbow
rCold   x . .        (shield currently unavailable)
rNeg    . . .        c - +0 leather armour
rPois   inf          h - +1 helmet
rElec   .            (no cloak)
rCorr   .            d - +2 pair of gloves
SInv    .            (boots unavailable)
Will    .....        (no amulet)
Stlth   ++           g - +6 ring of dexterity
HPRegen 0.25/turn    (no ring)
MPRegen 0.00/turn

%: infuse magic (-4 HP)
@: flying
A: sickness immunity, fire resistance 2, cold vulnerability 1, float, innate
caster, HP casting, extra vitality 1
a: no special abilities


You were on level 3 of the Dungeon.
You visited 1 branch of the dungeon, and saw 3 of its levels.

You collected 69 gold pieces.


Innate Abilities, Weirdness & Mutations

You are immune to sickness and miasma.
You are immune to poison.
Your flesh is very heat resistant. (rF++)
You are vulnerable to cold. (rC-)
You float through the air rather than walking.
You learn spells naturally, not from books.
Your magical power is your life essence.
You have superior vitality. (+4 MHP)


   Skills:
 - Level 3.1 Fighting
 - Level 4.0 Ranged Weapons
 + Level 0.0 Armour
 - Level 3.0 Dodging
 - Level 0.7 Stealth


You knew the following spells:

 Your Spells              Type           Power      Damage    Failure   Level
a - Magic Dart            Conj           0%         1d3       43%         1
Your spell library was empty.

Inventory:

Hand Weapons
 a - a +1 shortbow (weapon)
Armour
 c - a +0 leather armour (worn)
 d - a +2 pair of gloves (worn)
 h - a +1 helmet (worn)
Jewellery
 g - a +6 ring of dexterity (left hand)
Scrolls
 b - a scroll of revelation {unknown}
 f - 2 scrolls of teleportation
Potions
 e - a potion of curing
 k - a potion of attraction {unknown}

Dungeon Overview and Level Annotations

Branches:
Dungeon (3/15)

Altars:
Zin

Annotations:
D:3 2 transporters, Terence


Message History

You see here a +0 dagger.
Found a robe.
Found 8 stones.
You now have 69 gold pieces (gained 13).
Found an escape hatch in the ceiling.
A goblin comes into view. It is wielding a +0 dagger.
You shoot an arrow. The arrow hits the goblin.
You kill the goblin!
Found a book of Displacement.
You reach down and open the door.
Terence the Incautious comes into view.
He is wielding a +0 flail and wearing a +4 ring mail of fire resistance.
You shoot an arrow.
The arrow hits Terence but does no damage.
Terence hits you with a +0 flail.
You shoot an arrow. The arrow hits Terence.
Terence is lightly wounded.
Terence hits you with a +0 flail. Terence barely misses you.
You shoot an arrow. The arrow barely misses Terence.
Terence closely misses you.
You shoot an arrow. The arrow closely misses Terence.
Terence hits you with a +0 flail.
You shoot an arrow. The arrow completely misses Terence.
Terence misses you.
You shoot an arrow.
The arrow hits Terence but does no damage.
Terence is lightly wounded.
Terence barely misses you. Terence hits you with a +0 flail.
You shoot an arrow. The arrow barely misses Terence.
Terence misses you.
You shoot an arrow. The arrow completely misses Terence.
Terence hits you with a +0 flail.
You shoot an arrow. The arrow hits Terence.
Terence is heavily wounded.
Terence hits you with a +0 flail!
You shoot an arrow. The arrow closely misses Terence.
Terence hits you with a +0 flail.
Terence bares his teeth.
Terence hits you with a +0 flail!
You die...
Terence says, "Time to find some more victims."

#.}.. #.... +...}
#.... #.}.. #. ... #<
..####@##############
#.
.......@............#
#.
....###############.#
#. . ....)...###.
.........##.
.......#.#..
.......#.#.#
.......#.#.#
............
.......#.#.#


You could see Terence.

Vanquished Creatures
  An adder (D:3)
  7 dart slugs
  4 endoplasms
  A giant cockroach (D:1)
  5 goblins
  6 hobgoblins
  7 jackals (D:1)
  2 quokkas
  6 ball pythons
  5 bats
  3 frilled lizards
  4 kobolds
  7 rats (D:1)
58 creatures vanquished.

Notes
Turn   | Place    | Note
-------+----------+-------------------------------------------
     0 | D:1      | qw the Djinni Hunter began the quest for the Orb.
     0 | D:1      | Reached XP level 1. HP: 18/18 MP: 0/0
     0 | D:1      | 0 ||| qw: Version: 0.3-a-136-gdd3b4e8
     0 | D:1      | 0 ||| qw: Game counter: 1337
     0 | D:1      | 0 ||| qw: Melee chars always use a shield: true
     0 | D:1      | 0 ||| qw: God list: Okawaru
     0 | D:1      | 0 ||| qw: Allow faded altars: false
     0 | D:1      | 0 ||| qw: Do Orc after clearing Dungeon:15 true
     0 | D:1      | 0 ||| qw: Do second Lair branch before Depths: true
     0 | D:1      | 0 ||| qw: Lair rune preference: random
     0 | D:1      | 0 ||| qw: Goals: Normal
     0 | D:1      | 0 ||| PLANNING D:1-11
    62 | D:1      | 62 ||| RETREEEEATING.
    63 | D:1      | 63 ||| RETREEEEATING.
    68 | D:1      | Reached XP level 2. HP: 23/23 MP: 0/0
   172 | D:1      | Reached XP level 3. HP: 28/28 MP: 0/0
   172 | D:1      | Learned a level 1 spell: Magic Dart
   203 | D:1      | Reached skill level 4 in Ranged Weapons
   793 | D:1      | 793 ||| UPGRADING to +2 pair of gloves.
   798 | D:1      | 798 ||| UPGRADING to +6 ring of dexterity.
   799 | D:1      | 799 ||| READING scroll labelled HIMAOMY ALID.
   900 | D:1      | 900 ||| READING scroll labelled PIARHU DELOTRO.
   901 | D:1      | 901 ||| READING scroll labelled MOEK MUUFIEWO.
   902 | D:1      | 902 ||| DROPPING scroll of butterflies.
   922 | D:2      | Found a glowing silver altar of Zin.
  1001 | D:2      | Reached XP level 4. HP: 34/34 MP: 0/0
  1201 | D:2      | Found a faded altar of an unknown god.
  1736 | D:2      | 1736 ||| UPGRADING to +1 helmet.
  1741 | D:2      | 1741 ||| READING scroll of identify.
  1741 | D:2      | 1741 ||| IDENTIFYING silvery potion
  1742 | D:2      | 1742 ||| READING 3 scrolls labelled RIAJAAZAWN.
  1747 | D:2      | 1747 ||| READING 3 scrolls labelled FOKECR WIYN.
  1748 | D:2      | 1748 ||| READING scroll labelled UCWAHAOPYNG.
  1748 | D:2      | 1748 ||| ENCHANTING +0 shortbow.
  1749 | D:2      | 1749 ||| DROPPING 2 scrolls of fog.
  1787 | D:3      | Reached skill level 3 in Dodging
  1787 | D:3      | Found a transporter.
  1869 | D:3      | Reached skill level 3 in Fighting
  1877 | D:3      | Found a transporter.
  1913 | D:3      | Noticed Terence
  1923 | D:3      | HP: 7/35 [Terence/+0 flail (3)]
  1923 | D:3      | Slain by Terence

Levels and vault maps discovered:
D:1:      onia_arrival_handbag, layout_loops_ring
D:2:      layout_basic, basic_ecumenical_altar, basic_altar
D:3:      gammafunk_steamed_eel, layout_rooms, minmay_fountain_box,
          hangedman_feature_mirror, uniq_terence, uniq_ijyb

Skill      XL: |  1  2  3  4 |
---------------+-------------+-----
Ranged Weapons | 4 |  4.0
Dodging        | 3 |  3.0
Fighting       | 3 |  3.1
Stealth        | |  0.7

Action                     |  1- 3 |  4- 6 || total
---------------------------+-------+-------++-------
   Fire: Shortbow          |   100 |    45 ||   145
    Use: Scroll            |     3 |     4 ||     7
 Armour: Leather armour    |    41 |    11 ||    52
  Dodge: Dodged            |    54 |    10 ||    64

Table legend:
 A = Non-vault XP
 B = Vault XP
 C = Vault XP percentage of total XP
 D = Non-vault monster count
 E = Vault monster count
 F = Vault count percentage of total count
                 A         B        C        D         E       F
            +---------+---------+-------+---------+---------+-------
      Total |     116 |       4 |   3.3 |      54 |       4 |   6.9
            +---------+---------+-------+---------+---------+-------
        D:1 |      64 |       4 |   5.9 |      32 |       4 |  11.1
        D:2 |      33 |       0 |   0.0 |      17 |       0 |   0.0
        D:3 |      19 |       0 |   0.0 |       5 |       0 |   0.0
            +---------+---------+-------+---------+---------+-------
